cohdb
Replays
Latest Replays
All Replays
Popular Replays
Top Player Replays
Match Explorer
How It Works
Community
CoH3 Stats
Reddit
Sign in to upload your games and track your stats! →
Sign in with Steam
Match 44619072
Unlisted
Match 44619072
Overview
Messages
Build Orders
End
Construct Barracks
Selects Special Operations Battlegroup
Selects M29 Weasel Recon Vehicle
M29 Weasel Recon Vehicle
Riflemen Squad
Riflemen Squad
Riflemen Squad
Construct Weapon Support Center
Infantry Support Center
Grenade Package
Selects Raiding Flares
Advanced Logistics
Selects SSF Commando Squad
SSF Commando Squad
SSF Commando Squad
SSF Commando Squad
Selects Air Re-supply Operation
Air Re-Supply Operation
Improved M9 Bazooka Rockets
Construct Tank Depot
Air Re-Supply Operation
M4A1 Sherman Medium Tank
Selects P-47 Anti-Infantry Loiter
P-47 Anti-Infantry Loiter
Engineer Squad
Selects UNKNOWN (2162291)
Raiding Flares
M4(105) Sherman Bulldozer
M1918 Browning Automatic Rifles
.30 cal Machine Gun
M18 Hellcat Tank Destroyer
SSF Commando Squad
P-47 Anti-Infantry Loiter
Androphyte
Garlic
Oblivion
Mustache and Melons
0
0
Comments
sign in to comment!
No comments posted yet!